 Dungeon Sprint DCSS version 0.31-a0-675-g238779eb0a (webtiles) character file.

Game seed: 11552241418446037136

2802 sircluck the Grappler (level 9, 0/157 HPs)
             Began as a Troll Berserker on Sept 5, 2023.
             Was a High Priest of Trog.
             Slain by a centaur warrior (3 damage)
             ... in the Dungeon (Sprint I: "Red Sonja").
             The game lasted 00:01:39 (586 turns).

sircluck the Grappler (Troll Berserker)              Turns: 586, Time: 00:01:40

Health: 0/157      AC:  6    Str: 31    XL:     9   Next: 44%
Magic:  8/8        EV: 12    Int:  3    God:    Trog [*****.]
Gold:   724        SH:  0    Dex:  9    Spells: 8/8 levels left

rFire   . .          .
                       - Unarmed
rCold   . . .        (no shield)
rNeg    . . .        i - +2 robe
rPois   .            (helmet restricted)
rElec   .            (no cloak)
rCorr   .            (gloves unavailable)
SInv    .            (boots unavailable)
Will    .....        (no amulet) Stlth
                     (no ring)
HPRegen 1.26/turn    (no ring)
MPRegen 0.11/turn

%: no teleportation
@: berserking, very quick
A: large, unfitting armour, claws 3, regeneration 1, shaggy fur 1, tough skin 1
a: Renounce Religion, Berserk, Trog's Hand, Brothers in Arms


You were in the Dungeon.
You worshipped Trog.
Trog was extremely pleased with you.
You visited 1 branch You collected 829 gold pieces.
You spent 105 gold pieces at shops.

Inventory:

Missiles
 b - 5 curare-tipped darts
 o - 4 stones
Armour
 a - a +0 animal skin
 i - a +2 robe (worn)
Wands
 h - a wand of iceblast (2)
Scrolls
 g - a scroll of blinking
 j - a scroll of fog {unknown}
 k - a scroll of enchant weapon {unknown}
 m - 2 scrolls of revelation
 n - a scroll of fear {unknown}
Potions
 c - a potion of heal wounds
 d - a potion of haste
 e - 2 potions of magic
 f - a potion of berserk rage
 l - 4 potions of curing


   Skills:
 + Level 11.2 Fighting
 + Level 11.0 Dodging
 + Level 13.0 Unarmed Combat


You had 8 spell levels left.
You didn't know any spells.
Your spell library was empty.

Dungeon Overview and Level Annotations

Branches:
Dungeon (1/1)

Altars:
Cheibriados
Dithmenos
Elyvilon
Fedhas
Gozag
Hepliaklqana
Kikubaaqudgha
Makhleb
Nemelex Xobeh
Okawaru
Qazlal
Ru
Sif Muna
Trog
Uskayaw
Vehumet
Wu Jian
Xom
Yredelemnul
Zin
The Shining One
Jiyva
Lugonu

Shops:
D ?[[


Innate Abilities, Weirdness & Mutations

You are too large for most types of armour.
You have claws for hands.
Your natural rate of healing is unusually fast.
You are covered in fur. (AC +1)
You have tough skin. (AC +1)


Message History

* * * LOW HITPOINT WARNING * * *
The centaur warrior kicks you.
* * * LOW HITPOINT WARNING * * *
A red film seems to cover your vision as you go berserk!
You feel yourself moving faster!
You feel mighty! Trog will no longer gift you weapons.
The centaur warrior closely misses you. The centaur warrior barely misses you.
The centaur warrior closely misses you. x2; The centaur warrior hits you!
* * * LOW HITPOINT WARNING * * *
The centaur warrior kicks you but does no damage.
You mangle the centaur warrior!!
The centaur warrior is heavily wounded.
The centaur warrior hits you!
* * * LOW HITPOINT WARNING * * *
The centaur warrior kicks you but does no damage.
You mangle the centaur warrior!!
You kill the centaur warrior!
Trog accepts your kill.
Trog will now gift you melee weapons as you gain piety.
The centaur warrior hits you!
* * * LOW HITPOINT WARNING * * *
The centaur warrior closely misses you.
Your Fighting skill increases to level 11!
Your Dodging skill increases to level 11!
Your Unarmed Combat skill increases to level 13!
The centaur warrior wields a +0 orcbow.
The centaur warrior shoots an arrow.
The arrow hits you.
* * * LOW HITPOINT WARNING * * *
Things that are here:
a +0 shortbow; a centaur corpse You feel a strong urge to attack something.
The centaur warrior unwields a +0 orcbow.
The centaur warrior hits you!
* * * LOW HITPOINT WARNING * * *
The centaur warrior kicks you.
* * * LOW HITPOINT WARNING * * *
You claw the centaur warrior!
The centaur warrior is lightly wounded.
The centaur warrior hits you.
You die...

#######################
#..').#..'..#__#..'...#
').#..').#..'..'..#)..#
#####'#####'#__####...+
####..#...#:####)§#####
#__####..##.#§§§§c#
#_____##'#_.+~§§@§+
#_.∩...'..._#~§§§§#
#_..__##_.#'##'####
#_____###'#.#§§§§###
#########)####§###.##
.......'...'.....'.∩#
++++####...##########
###.### #.#'#.#


You could see a centaur warrior.

Vanquished Creatures
  A centaur warrior (D)
  Sonja (D)
  A deep troll (D)
  2 kobold demonologists (D)
  A slime creature (D)
  Sigmund (D)
  A yak (D)
  A floating eye (D)
  An ogre (D)
  A jelly (D)
  Ijyb (D)
  A ballistomycete spore (D)
13 creatures vanquished.

Vanquished Creatures (others)
  A ballistomycete spore (D)
1 creature vanquished.

Grand Total: 14 creatures vanquished

Notes
Turn   | Place    | Note
-------+----------+-------------------------------------------
     0 | D        | sircluck the Troll Berserker began the quest for the Orb.
     0 | D        | Reached XP level 1. HP: 22/22 MP: 0/0
     1 | D        | Noticed Ijyb
     5 | D        | Killed Ijyb
     6 | D        | Reached skill level 4 in Unarmed Combat
     6 | D        | Reached XP level 2. HP: 32/32 MP: 1/1
     9 | D        | Noticed an ogre
    14 | D        | Killed an ogre
    15 | D        | Reached skill level 5 in Fighting
    15 | D        | Reached skill level 5 in Dodging
    15 | D        | Reached skill level 6 in Unarmed Combat
    15 | D        | Reached XP level 3. HP: 21/42 MP: 2/2
    15 | D        | Reached XP level 4. HP: 25/50 MP: 3/3
    48 | D        | Noticed Sigmund
    56 | D        | Killed Sigmund
    56 | D        | Reached ** piety under Trog
    57 | D        | Reached skill level 7 in Unarmed Combat
    57 | D        | Reached XP level 5. HP: 61/61 MP: 4/4
    57 | D        | Reached XP level 6. HP: 68/68 MP: 5/5
    70 | D        | Found an ornate altar of the Wu Jian Council.
    70 | D        | Found a shimmering blue altar of Sif Muna.
    94 | D        | Found a radiant altar of Vehumet.
    99 | D        | Reached skill level 8 in Unarmed Combat
   131 | D        | Found Atwust's Antique Armour Emporium.
   131 | D        | Found an ancient bone altar of Kikubaaqudgha.
   131 | D        | Found a hazy altar of Hepliaklqana.
   131 | D        | Found a stormy altar of Qazlal.
   131 | D        | Found a hide-covered altar of Uskayaw.
   131 | D        | Found a blossoming altar of Fedhas.
   131 | D        | Found a bloodstained altar of Trog.
   131 | D        | Found an iron altar of Okawaru.
   131 | D        | Found a basalt altar of Yredelemnul.
   131 | D        | Found a glowing golden altar of the Shining One.
   131 | D        | Found a snail-covered altar of Cheibriados.
   131 | D        | Found a sacrificial altar of Ru.
   131 | D        | Found a glowing silver altar of Zin.
   131 | D        | Found a shadowy altar of Dithmenos.
   131 | D        | Found a white marble altar of Elyvilon.
   131 | D        | Noticed a yak
   139 | D        | Killed a yak
   140 | D        | Found an opulent altar of Gozag.
   141 | D        | Found a sparkling altar of Nemelex Xobeh.
   191 | D        | Noticed Sonja
   204 | D        | Killed Sonja
   204 | D        | Reached *** piety under Trog
   205 | D        | Reached skill level 10 in Unarmed Combat
   205 | D        | Reached XP level 7. HP: 17/83 MP: 6/6
   319 | D        | Noticed a deep troll
   327 | D        | Killed a deep troll
   328 | D        | Reached skill level 11 in Unarmed Combat
   328 | D        | Reached XP level 8. HP: 36/93 MP: 7/7
   337 | D        | Found Wauxos's Armour Emporium.
   376 | D        | Found Biamoewy's Magic Scroll Boutique.
   384 | D        | Bought a scroll of revelation for 105 gold pieces
   408 | D        | Found a burning altar of Makhleb.
   408 | D        | Found a viscous altar of Jiyva.
   408 | D        | Found a shimmering altar of Xom.
   408 | D        | Found a corrupted altar of Lugonu.
   408 | D        | Noticed a slime creature
   413 | D        | Killed a slime creature
   414 | D        | Reached skill level 10 in Fighting
   427 | D        | Noticed a kobold demonologist
   427 | D        | Noticed a kobold demonologist
   436 | D        | Killed a kobold demonologist
   436 | D        | Reached **** piety under Trog
   436 | D        | Paralysed by a floating eye for 3 turns
   437 | D        | Reached skill level 10 in Dodging
   437 | D        | Reached skill level 12 in Unarmed Combat
   443 | D        | Noticed a smoke demon
   444 | D        | Noticed a sixfirhy
   446 | D        | Killed a kobold demonologist
   447 | D        | Reached XP level 9. HP: 89/102 MP: 8/8
   447 | D        | Reached ***** piety under Trog
   577 | D        | Noticed a centaur warrior
   577 | D        | Noticed a centaur warrior
   583 | D        | Killed a centaur warrior
   584 | D        | Reached skill level 13 in Unarmed Combat
   585 | D        | HP: 5/157 [centaur warrior (11)]
   586 | D        | Slain by a centaur warrior

Illustrated notes

Levels and vault maps discovered:
D:        dungeon_sprint_1 [red_sonja_temple_1, red_sonja_temple_small_1]

Skill      XL: |  1  2  3  4  5  6  7  8  9 |
---------------+----------------------------+-----
Fighting       | 3 5 6 9 10 11 | 11.2
Dodging        | 3 5 6 8 9 10 11 | 11.0
Unarmed Combat | 4 6 7 10 11 12 13 | 13.0

Action                     |  1- 3 |  4- 6 |  7- 9 || total
---------------------------+-------+-------+-------++-------
  Melee: Unarmed           |     7 |    25 |    32 ||    64
         Punch             |     2 |       |     1 ||     3
 Invoke: Berserk           |       |       |     1 ||     1
  Evoke: Wand              |       |     1 |       ||     1
    Use: Potion            |       |     1 |       ||     1
 Armour: Animal skin       |     2 |     1 |       ||     3
         Robe              |       |    25 |    35 ||    60
  Dodge: Dodged            |     3 |     8 |    19 ||    30

Table legend: (Time is in decaauts)
 A = Elapsed time spent in this place.
 B = Non-inter-level travel time spent in this place.
 C = Inter-level travel time spent in this place.
 D = Time resting spent in this place.
 E = Time spent auto-exploring this place.
 F = Levels seen in this place.
 G = Mean time per level.
                   A        B        C        D        E       F      G
               +--------+--------+--------+--------+--------+-----+--------+
         Total |    573 |    562 |     11 |    160 |    125 |   1 |  573.0 |
       Dungeon |    573 |    562 |     11 |    160 |    125 |   1 |  573.0 |
               +--------+--------+--------+--------+--------+-----+--------+

Top non-repeatable levels by time:
       D: 573 daAuts
